 Dungeon Crawl Stone Soup version 0.18.1-6-gd335043 (webtiles) character file.

219 jacquesderrida the Poker (level 5, 0/38 HPs)
             Began as a Demonspawn Skald on May 15, 2016.
             Slain by ThereIsNoGod's ghost (8 damage)
             ... on level 4 of the Dungeon.
             The game lasted 00:10:06 (1712 turns).

jacquesderrida the Poker (Demonspawn Skald)         Turns: 1712, Time: 00:10:07

Health: 0/38       AC:  4    Str: 12    XL:     5   Next: 63%
Magic:  17/17      EV: 11    Int: 19    God:
Gold:   142        SH:  0    Dex: 13    Spells: 2 memorised, 4 levels left

rFire  . . .     SeeInvis +     m - -2 spear (curse)
rCold  . . .     Gourm    .     b - +1 leather armour
rNeg   . . .     Faith    .     (no shield)
rPois  .         Spirit   .     (no helmet)
rElec  .         Dismiss  .     (no cloak)
rCorr  .         Reflect  .     (no gloves)
SustAt .         Harm     .     (no boots)
MR     .....                    (no amulet)
Stlth  +.........               g - ring of see invisible
                                e - ring of magical power

@: brilliant, not resistant to hostile enchantments, very unstealthy
A: powered by death 2
a: no special abilities


You were on level 4 of the Dungeon.
You were not hungry.

You visited 1 branch of the dungeon, and saw 5 of its levels.

You collected 142 gold pieces.

Inventory:

Hand Weapons
 a - a +0 spear
 m - a cursed -2 spear (weapon)
 p - a +0 spear of freezing
Missiles
 l - a throwing net (quivered)
Armour
 b - a +1 leather armour (worn)
Jewellery
 e - a ring of magical power (left hand)
 f - an uncursed ring of resist corrosion {unknown}
 g - a ring of see invisible (right hand)
Wands
 o - a wand of lightning (0/15)
 u - a wand of iceblast (10/15)
Scrolls
 k - 3 scrolls of magic mapping
 q - a scroll of enchant armour
Potions
 j - a potion of lignification {unknown}
 n - a potion of haste {unknown}
Books
 c - a book of Battle

   Spells                             Type                      Level
   a - Infusion                       Charms                       1
   b - Shroud of Golubria             Charms/Translocation         2
   c - Song of Slaying                Charms                       2
   d - Spectral Weapon                Hexes/Charms                 3
   e - Regeneration                   Charms/Necromancy            3
Comestibles
 d - 3 bread rations
 h - a beef jerky
 i - 2 meat rations
 v - 2 chunks of flesh


   Skills:
 - Level 2.0 Fighting
 + Level 5.1 Polearms
 - Level 0.8 Armour
 - Level 0.8 Dodging
 - Level 2.0 Spellcasting
 + Level 1.7 Hexes
 - Level 2.6 Charms


You had 4 spell levels left.
You knew the following spells:

 Your Spells              Type           Power        Failure   Level  Hunger
a - Infusion              Chrm           ###.         1%          1    #......
b - Spectral Weapon       Hex/Chrm       ###.....     3%          3    ###....


Dungeon Overview and Level Annotations

Branches:
Dungeon (5/15)
 Temple: D:4-7

Altars:
Kikubaaqudgha
Ru
Sif Muna
Trog

Annotations:
D:3 Grinder
D:4 Blork the orc; Natasha; Robin; ThereIsNoGod's ghost, novice GrFi


Innate Abilities, Weirdness & Mutations

You regenerate health from kills.


Message History

The orc priest calls down the wrath of Beogh upon you.
Beogh smites you!
* * * LOW HITPOINT WARNING * * *
Unknown command.
Drink which item? (? for menu, Esc to quit)
Okay, then.
There is an open door here.
Read which item? (? for menu, Esc to quit)
Okay, then.
Evoke which item? (* to show all) (? for menu, Esc to quit)
Okay, then.
Drink which item? (? for menu, Esc to quit)
It was a potion of brilliance.
You feel clever all of a sudden.
Drink which item? (? for menu, Esc to quit)
It was a potion of magic.
Magic courses through your body.
ThereIsNoGod's ghost closely misses you.
Drink which item? (? for menu, Esc to quit)
It was a potion of curing.
You feel better. ThereIsNoGod's ghost hits you!
You die...

........########
#.# .......##
#....# #.#
......### #....#
#.# #''####.#
#....# #.#
........# #....#
#.#
...##...###)...###
#.#
...##...'o'....'.#
#.#
...##...###....#W#
#.# ...##...#
######@# #.#
...##...# #.# #.#
.######## #.# #.#
## #.# #.# ###.#
#.# ...#.# #.#
######.#.#.# #.#
#........#.# #.#
#........#.######.#


You could see ThereIsNoGod's ghost.

Vanquished Creatures
  2 orc wizards (D:4)
  2 worker ants (D:4)
  4 adders
  An ooze (D:2)
  An adder skeleton (D:4)
  A worm (D:2)
  A dart slug (D:2)
  A giant gecko (D:4)
  7 orcs
  6 bats
  2 giant cockroaches
  3 hobgoblins
  2 quokkas
  2 ball pythons
  5 giant newts
  3 goblins
  6 kobolds
  2 rats
51 creatures vanquished.

Vanquished Creatures (others)
  An orc wizard (D:4)
  An orc (D:4)
2 creatures vanquished.

Grand Total: 53 creatures vanquished

Notes
Turn   | Place    | Note
--------------------------------------------------------------
     0 | D:1      | jacquesderrida the Demonspawn Skald began the quest for the Orb.
     0 | D:1      | Reached XP level 1. HP: 16/16 MP: 3/3
    63 | D:1      | Reached skill level 2 in Polearms
   198 | D:1      | Gained mutation: You regenerate a little health from kills. [demonic ancestry]
   198 | D:1      | Reached XP level 2. HP: 21/22 MP: 5/5
   355 | D:2      | Reached skill level 3 in Polearms
   372 | D:2      | Found a deep blue altar of Sif Muna.
   417 | D:2      | Reached XP level 3. HP: 19/27 MP: 6/6
   482 | D:2      | Found a sacrificial altar of Ru.
   545 | D:2      | Learned a level 3 spell: Spectral Weapon
   683 | D:3      | Noticed Grinder
   738 | D:4      | Reached XP level 4. HP: 33/33 MP: 7/7
   751 | D:4      | Reached skill level 4 in Polearms
   835 | D:4      | Found an ancient bone altar of Kikubaaqudgha.
   891 | D:4      | Gained mutation: You regenerate health from kills. [demonic ancestry]
   891 | D:4      | Reached XP level 5. HP: 31/38 MP: 8/8
   999 | D:4      | Noticed Robin
  1149 | D:3      | Paralysed by Grinder for 2 turns
  1156 | D:3      | Paralysed by Grinder for 7 turns
  1332 | D:4      | Reached skill level 5 in Polearms
  1332 | D:4      | Reached skill level 1 in Hexes
  1457 | D:5      | Entered Level 5 of the Dungeon
  1472 | D:5      | Noticed a centaur
  1495 | D:4      | Noticed Natasha
  1614 | D:4      | Found a bloodstained altar of Trog.
  1616 | D:4      | Noticed Blork the orc
  1693 | D:4      | Noticed ThereIsNoGod's ghost (novice GrFi)
  1712 | D:4      | Slain by ThereIsNoGod's ghost

Skill      XL: |  1  2  3  4  5 |
---------------+----------------+-----
Polearms       | 2 3 4 5 |  5.1
Hexes          | 1 |  1.7
Fighting       | |  2.0
Armour         | |  0.8
Dodging        | |  0.8
Spellcasting   | |  2.0
Charms         | |  2.6

Action                   |  1- 3 |  4- 6 || total
-------------------------+-------+-------++-------
Melee: Spear             |   125 |    95 ||   220
 Cast: Infusion          |     5 |     6 ||    11
       Spectral Weapon   |       |     3 ||     3
Evoke: Wand              |       |     2 ||     2
  Use: Scroll            |     2 |     4 ||     6
       Potion            |     1 |     3 ||     4
 Stab: Sleeping          |     4 |     1 ||     5
       Invisible         |       |     3 ||     3
       Distracted        |       |     1 ||     1
  Eat: Chunk             |       |     4 ||     4
Armor: Leather armour    |    24 |    24 ||    48
Dodge: Dodged            |    47 |    44 ||    91
